 Dungeon Crawl Stone Soup version 0.31-a0-728-g01b46875f1 (webtiles) character file.

Game seed: 2905944150032603425

141 Shayle the Changeling (level 5, 0/54 HPs)
             Began as an Ogre Shapeshifter on Sept 12, 2023.
             Slain by a cerulean imp
             ... wielding a +0 spear
             ... summoned by Natasha
              (2 damage)
             ... on level 3 of the Dungeon.
             The game lasted 00:08:45 (3301 turns).

Shayle the Changeling (Ogre Shapeshifter)           Turns: 3301, Time: 00:08:47

Health: 0/54       AC:  3    Str: 18    XL:     5   Next: 24%
Magic:  9/9        EV:  9    Int: 13    God:
Gold:   101        SH:  0    Dex:  8    Spells: 9/9 levels left

rFire   . .          .
                       - Unarmed
rCold   . . .        (no shield)
rNeg    . . .        a - +0 animal skin
rPois   .            (helmet currently unavailable)
rElec   .            (cloak currently unavailable)
rCorr   .            (gloves unavailable)
SInv    .            (boots unavailable)
Will    .....        (no amulet)
Stlth   +            (no ring)
HPRegen 0.29/turn    (no ring)
MPRegen 0.11/turn

%: no passive effects
@: beast-form, slowed, very slow
A: beast (slay +2), large, unfitting armour, tough skin 1
a: Begin Untransformation


You were on level 3 of the Dungeon.
You were a hulking beast.
You visited 1 branch of the dungeon, and saw 3 of its levels.

You collected 101 gold pieces.

Inventory:

Missiles
 f - a throwing net (quivered)
Armour
 a - a +0 animal skin (worn)
Jewellery
 o - a ring of willpower
Talismans
 c - a beast talisman (active)
 d - a flux talisman
Wands
 b - a wand of charming (6)
Scrolls
 e - 3 scrolls of teleportation {unknown}
 g - a scroll of identify
 h - a scroll of torment {unknown}
 j - 2 scrolls of poison
 k - a scroll of revelation {unknown}
 l - a scroll of noise {unknown}
 m - a scroll of immolation {unknown}
Potions
 i - 3 potions of brilliance
 n - a potion of curing
 p - a potion of invisibility {unknown}


   Skills:
 + Level 3.9 Fighting
 - Level 1.7 Dodging
 - Level 2.6 Unarmed Combat
 + Level 2.7 Spellcasting
 + Level 3.9 Shapeshifting


You had 9 spell levels left.
You didn't know any spells.
Your spell library was empty.

Dungeon Overview and Level Annotations

Branches:
Dungeon (3/15)

Altars:
Qazlal

Shops:
D:2 !

Annotations:
D:3 Natasha


Innate Abilities, Weirdness & Mutations

You are a hulking beast.
Your limbs bulge with bestial killing power. (Slay +2)
You are too large for most types of armour.
You have tough skin. (AC +1)


Message History

You hit Natasha.
Natasha is moderately wounded.
Natasha mumbles some strange words.
You hit Natasha.
Natasha is severely wounded.
Natasha claws you!
You hit Natasha but do no damage.
Natasha is severely wounded.
Natasha claws you but does no damage.
The ball python bites you but does no damage.
The cerulean imp hits you from afar with a +0 spear.
You hit Natasha.
Natasha is severely wounded.
Natasha mumbles some strange words.
Natasha's front paws start to glow.
Natasha claws you. The ball python bites you. The cerulean imp misses you.
You miss Natasha.
Natasha is severely wounded.
The ball python bites you but does no damage.
Natasha stares at you and mumbles some strange words.
You feel yourself slow down.
The cerulean imp hits you from afar with a +0 spear.
* * * LOW HITPOINT WARNING * * *
You hit Natasha. Your punch misses Natasha.
Natasha is almost dead.
The ball python barely misses you.
Natasha stares at you and mumbles some strange words.
The magic dart hits you!
* * * LOW HITPOINT WARNING * * *
The cerulean imp hits you from afar with a +0 spear.
* * * LOW HITPOINT WARNING * * *
The ball python bites you.
* * * LOW HITPOINT WARNING * * *
You feel better. Natasha casts a spell at you. The magic dart hits you!
* * * LOW HITPOINT WARNING * * *
The ball python barely misses you.
The cerulean imp hits you from afar with a +0 spear.
You die...

#..........#.............#
#..###....##.###..##.....##
#..# #....##.# #..........##
#..###.†.###.# ##.##.......##
#............# #.##..%......
#............# #.####.....##
###...##############.....#.##
#######.##
#..S.).....###..###.#
#......)# #.5hh......# #.##
##. #.#####.# #..##..##)##
##.###.# #.# #.# #' ####..##
#....## ##.# #.# #
#..8######..## ...# #.#
##...)).)'...# #### #..
#.......#.... ######
#..8######.... #.# #..##
#....... #######.# ##'#
#......#


You could see Natasha, a cerulean imp (summoned) and a ball python.

Vanquished Creatures
  Ijyb (D:3)
  Robin (D:3)
  A gnoll (D:3)
  2 adders
  A worm (D:2)
  3 dart slugs
  5 orcs (D:3)
  2 endoplasms
  A giant cockroach (D:1)
  8 hobgoblins
  6 quokkas
  6 ball pythons
  6 bats
  A frilled lizard (D:2)
  12 goblins
  3 kobolds
  3 rats (D:3)
62 creatures vanquished.

Notes
Turn   | Place    | Note
-------+----------+-------------------------------------------
     0 | D:1      | Shayle the Ogre Shapeshifter began the quest for the Orb.
     0 | D:1      | Reached XP level 1. HP: 19/19 MP: 1/1
   389 | D:1      | Reached XP level 2. HP: 28/28 MP: 3/3
   556 | D:1      | Reached skill level 1 in Spellcasting
  1117 | D:2      | Found Nopsut's Distillery.
  1143 | D:2      | Reached XP level 3. HP: 31/36 MP: 3/5
  1800 | D:3      | Noticed Natasha
  1992 | D:3      | Noticed Robin
  2202 | D:3      | Reached XP level 4. HP: 35/45 MP: 5/7
  2596 | D:3      | Noticed Ijyb
  2679 | D:3      | Killed Ijyb
  2998 | D:3      | Reached XP level 5. HP: 52/54 MP: 8/8
  3140 | D:3      | Found a stormy altar of Qazlal.
  3141 | D:3      | Noticed a fire elemental
  3143 | D:3      | Noticed a water elemental
  3143 | D:3      | Noticed an air elemental
  3244 | D:3      | Killed Robin
  3301 | D:3      | HP: 2/54 [Natasha/magic dart (9)]
  3301 | D:3      | Slain by a cerulean imp

Illustrated notes

Levels and vault maps discovered:
D:1:      onia_arrival_pentagram, layout_basic, serial_bayou_pond_e
D:2:      layout_loops_corners, serial_shops, nicolae_shop_waterfront
D:3:      minmay_chambers_of_twos, layout_loops_ring,
          nicolae_qazlal_style_of_elements, uniq_robin, uniq_ijyb, uniq_natasha

Skill      XL: |  1  2  3 |
---------------+----------+-----
Fighting       | 2 3 |  3.9
Spellcasting   | 1 2 |  2.7
Dodging        | |  1.7
Unarmed Combat | |  2.6
Shapeshifting  | |  3.9

Action                     |  1- 3 |  4- 6 || total
---------------------------+-------+-------++-------
  Melee: Unarmed           |    98 |   132 ||   230
         Punch             |     3 |     2 ||     5
    Use: Potion            |       |     4 ||     4
         Scroll            |       |     3 ||     3
   Stab: Sleeping          |     3 |       ||     3
 Armour: Animal skin       |    57 |    90 ||   147
         Skin              |       |   107 ||   107
  Dodge: Dodged            |    54 |    47 ||   101

Table legend: (Time is in decaauts)
 A = Elapsed time spent in this place.
 B = Non-inter-level travel time spent in this place.
 C = Inter-level travel time spent in this place.
 D = Time resting spent in this place.
 E = Time spent auto-exploring this place.
 F = Levels seen in this place.
 G = Mean time per level.
                   A        B        C        D        E       F      G
               +--------+--------+--------+--------+--------+-----+--------+
         Total |   3300 |   3027 |    273 |    292 |   2170 |   3 | 1100.0 |
       Dungeon |   3300 |   3027 |    273 |    292 |   2170 |   3 | 1100.0 |
               +--------+--------+--------+--------+--------+-----+--------+

Top non-repeatable levels by time:
     D:2: 1317 daAuts
     D:3: 1149 daAuts
     D:1: 834 daAuts
